 Dungeon Crawl Stone Soup version 0.30.1-3-gfc49f6343a (webtiles) character file.

Game seed: 6999982281632958683

108 Almogavar the Conjurer (level 4, -1/24 HPs)
             Began as a Deep Elf Conjurer on Aug 9, 2023.
             Slain by a black bear (5 damage)
             ... on level 6 of the Dungeon.
             The game lasted 00:09:14 (2855 turns).

Almogavar the Conjurer (Deep Elf Conjurer)          Turns: 2855, Time: 00:09:15

Health: -1/24      AC:  3    Str:  4    XL:     4   Next: 58%
Magic:  2/11       EV: 12    Int: 25    God:
Gold:   153        SH:  0    Dex: 13    Spells: 4/10 levels left

rFire   . . .        e - +1 dagger (speed)
rCold   . . .        (no shield)
rNeg    . . .        a - +0 robe
rPois   .            (no helmet)
rElec   .            k - +0 cloak
rCorr   .            (no gloves)
SInv    .            (no boots)
Will    .....        (no amulet)
Stlth   ++           (no ring)
HPRegen 0.24/turn    (no ring)
MPRegen 0.12/turn

%: no passive effects
@: no status effects
A: no striking features
a: no special abilities


You were on level 6 of the Dungeon.
You visited 1 branch of the dungeon, and saw 4 of its levels.

You collected 153 gold pieces.

Inventory:

Hand Weapons
 e - a +1 dagger of speed (weapon)
Armour
 a - a +0 robe (worn)
 i - an orb of energy
 k - a +0 cloak (worn)
Wands
 p - a wand of charming (6)
Scrolls
 c - a scroll of amnesia
 d - 2 scrolls of immolation {unknown}
 g - 3 scrolls of blinking
 l - a scroll of teleportation {unknown}
 n - a scroll of poison {unknown}
Potions
 b - a potion of magic
 f - a potion of curing
 h - a potion of degeneration {unknown}
 j - a potion of might {unknown}
 m - a potion of mutation {unknown}
 o - a potion of flight {unknown}


   Skills:
 + Level 2.8 Dodging
 + Level 2.9 Stealth
 + Level 3.9 Spellcasting
 + Level 6.0 Conjurations


You had 4 spell levels left.
You knew the following spells:

 Your Spells              Type           Power      Damage    Failure   Level
a - Magic Dart            Conj           100%       1d8       1%          1
b - Searing Ray           Conj           68%        2d6       1%          2
c - Dazzling Flash        Conj/Hex       38%        N/A       9%          3

Your spell library contained the following spells:

 Spells                   Type           Power      Damage    Failure   Level
 Fulminant Prism          Conj/Hex       9%         3d7       26%         4
 Iskenderun's Mystic Bla  Conj/Tloc      19%        2d6       26%         4
 Summon Guardian Golem    Hex/Summ       4%         N/A       28%         3
 Orb of Destruction       Conj           17%        9d7       100%        7
 Spellforged Servitor     Conj/Summ      9%         N/A       100%        7


Dungeon Overview and Level Annotations

Branches:
Dungeon (3/15)

Altars:

Shops:
D:2 :


Message History

The searing ray hits the black bear!
The black bear is heavily wounded.
A kobold comes into view. It is wielding a +0 whip.
The black bear barely misses you. The black bear misses you.
The black bear claws you.
The searing ray hits the black bear.
The black bear is severely wounded.
You finish channelling your searing ray.
A kobold comes into view. It is wielding a +0 dagger.
A kobold comes into view.
It is wielding a +0 club and quivering poisoned darts.
The black bear closely misses you. The black bear claws you.
The black bear claws you but does no damage.
Casting: Searing Ray (safe; 1% risk of failure)
Confirm with . or Enter, or press ? or * to list all spells.
Aiming: Searing Ray (safe; 1% risk of failure)
Press: ? - help, Shift-Dir - straight line, f/p - black bear
Aim: a black bear (severely wounded, 86% to hit)
The searing ray hits the black bear!
The black bear is almost dead. (Press . to maintain the ray.)
The kobold shouts! x3; You hear a shout! x2
A bullfrog comes into view.
The black bear barely misses you.
The black bear claws you but does no damage.
The black bear closely misses you.
You hear a shout! x3
The searing ray misses the black bear.
You hear a shout!
The black bear goes berserk!
The searing ray hits the black bear.
The black bear is almost dead.
A kobold comes into view. It is wielding a +0 dagger.
The black bear bites you! The black bear claws you.
* * * LOW HITPOINT WARNING * * *
The black bear closely misses you.
A shadow imp comes into view.
The searing ray misses the black bear.
You finish channelling your searing ray.
The black bear bites you.
You die...

~~~~~K~~~~~≈~~~~≈~~≈~~~
K.5..~~.~.~~.~~~~~~~.~
K.K..................
....................
..K..........######
F.#...............
#K#.#####.########
#.#.#...#.# #@#......##
#h#.[.#.## #.....#.#
#.....##..#.#
#.#....#.....
...#>.#.....##
#..#.#..#........
.........#.....###
..... #.#####.##§§


You could see a black bear (berserk), a bullfrog, a shadow imp and 3 kobolds.

Vanquished Creatures
  Crazy Yiuf (D:2)
  An adder (D:2)
  3 dart slugs
  A worm (D:2)
  An orc (D:3)
  3 ball pythons
  5 endoplasms
  2 giant cockroaches (D:2)
  3 goblins (D:1)
  6 hobgoblins
  6 jackals
  7 kobolds
  4 quokkas
  4 bats
  4 frilled lizards
  7 rats
58 creatures vanquished.

Notes
Turn   | Place    | Note
-------+----------+-------------------------------------------
     0 | D:1      | Almogavar the Deep Elf Conjurer began the quest for the
                  | Orb.
     0 | D:1      | Reached XP level 1. HP: 10/10 MP: 6/6
   145 | D:1      | Reached XP level 2. HP: 15/15 MP: 4/8
   348 | D:1      | Learned a level 2 spell: Searing Ray
   402 | D:1      | Reached skill level 5 in Conjurations
   735 | D:1      | Reached XP level 3. HP: 19/19 MP: 6/9
  1187 | D:1      | Identified a scroll of acquirement
  1188 | D:1      | Acquired a book of Dangerous Friends
  1196 | D:1      | Learned a level 3 spell: Dazzling Flash
  1406 | D:2      | Found Dukhleiro's Book Boutique.
  2174 | D:2      | Found a runed translucent door.
  2175 | D:2      | Noticed Crazy Yiuf
  2182 | D:2      | Killed Crazy Yiuf
  2183 | D:2      | Reached XP level 4. HP: 11/24 MP: 5/11
  2351 | D:3      | Found a faded altar of an unknown god.
  2745 | D:3      | Reached skill level 6 in Conjurations
  2828 | D:3      | You fall into a shaft and drop 3 floors!
  2843 | D:6      | Noticed a black bear
  2846 | D:6      | Noticed a kobold brigand
  2852 | D:6      | Noticed a bullfrog
  2855 | D:6      | Slain by a black bear

Illustrated notes

Levels and vault maps discovered:
D:1:      amcnicky_arrival_double_pillar, layout_basic, nrook_loot_triangle
D:2:      layout_loops_ring, serial_shops, shop, minmay_misc_feat_more_columns,
          kennysheep_generic_room_6, uniq_crazy_yiuf_cottage
D:3:      layout_rooms, hellmonk_ecumenical_altar_zigzags, kennysheep_doodads,
          hex_intersection
D:6:      minmay_goblin_kobold_castle, layout_basic,
          nicolae_qazlal_eye_of_the_storm, uniq_eustachio, uniq_blork_the_orc

Skill      XL: |  1  2  3  4 |
---------------+-------------+-----
Conjurations   | 5 6 |  6.0
Dodging        | |  2.8
Stealth        | |  2.9
Spellcasting   | |  3.9

Action                     |  1- 3 |  4- 6 || total
---------------------------+-------+-------++-------
  Melee: Dagger            |     9 |       ||     9
         Punch             |     1 |       ||     1
   Cast: Magic Dart        |    77 |    20 ||    97
         Searing Ray       |     3 |     2 ||     5
    Use: Scroll            |     5 |       ||     5
   Stab: Sleeping          |     1 |       ||     1
 Armour: Robe              |     3 |     2 ||     5
  Dodge: Dodged            |    10 |     6 ||    16
